 Dungeon Crawl Stone Soup version 0.27-a0-328-g7f782ed93a (webtiles) character file.

Game seed: 14926519431404831710

13724 vurker the Stormcaller (level 12, -7/71 HPs)
             Began as a Tengu Air Elementalist on Feb 11, 2021.
             Was an Elder of Vehumet.
             Killed by refrigeration
             ... invoked by Fannar
              (27 damage)
             ... on level 11 of the Dungeon.
             The game lasted 00:21:22 (19600 turns).

vurker the Stormcaller (Tengu Air Elementalist)    Turns: 19600, Time: 00:21:23

Health: -7/71      AC:  7    Str: 11    XL:     12   Next: 9%
Magic:  19/28      EV: 30    Int: 25    God:    Vehumet [****..]
Gold:   688        SH:  5    Dex: 19    Spells: 24/34 levels left

rFire    . . .     SeeInvis .   x - +4 falchion "Girali" {venom, rPois Str+3 Dex+2}
rCold    . . .     Faith    .   D - +0 buckler
rNeg     + . .     Spirit   .   e - +2 robe {Will+}
rPois    +         Reflect  .   (helmet restricted)
rElec    .         Harm     .   B - +1 cloak
rCorr    .         Rampage  .   a - +0 pair of gloves
Will     +....                  (boots unavailable)
Stlth    ++........             A - amulet of the acrobat
HPRegen  0.21/turn              r - +6 ring of intelligence
MPRegen  0.21/turn              n - ring of positive energy

@: acrobat, flying quickly and evasively, quick
A: beak, talons 3, able to fly
a: Stop Flying, Renounce Religion


You were on level 11 of the Dungeon.
You worshipped Vehumet.
Vehumet was greatly pleased with you.
You visited 1 branch of the dungeon, and saw 11 of its levels.

You collected 688 gold pieces.

Inventory:

Hand Weapons
 x - the +4 falchion "Girali" (weapon) {venom, rPois Str+3 Dex+2}
   (You took it off a goblin on level 5 of the Dungeon)

   It poisons the flesh of those it strikes.
   It affects your strength (+3).
   It affects your dexterity (+2).
   It protects you from poison.
Armour
 a - a +0 pair of gloves (worn)
   (You found it on level 3 of the Dungeon)
 e - a +2 robe of willpower (worn)
   (You took it off Sigmund on level 3 of the Dungeon)
 B - a +1 cloak (worn)
   (You took it off Crazy Yiuf on level 3 of the Dungeon)
 D - a +0 buckler (worn)
   (You took it off a gnoll sergeant on level 10 of the Dungeon)
Magical Staves
 E - a staff of conjuration
   (You found it on level 8 of the Dungeon)
Jewellery
 n - a ring of positive energy (right hand)
   (You found it on level 5 of the Dungeon)
 r - a +6 ring of intelligence (left hand)
   (You found it on level 4 of the Dungeon)
 A - an amulet of the acrobat (around neck)
   (You found it on level 5 of the Dungeon)
Wands
 d - a wand of iceblast (14)
   (You found it on level 5 of the Dungeon)
 h - a wand of charming (11)
   (You found it on level 9 of the Dungeon)
 s - a wand of polymorph (39)
   (You found it on level 4 of the Dungeon)
 t - a wand of flame (15)
   (You found it on level 9 of the Dungeon)
 u - a wand of paralysis (8)
   (You found it on level 6 of the Dungeon)
 C - a wand of mindburst (16)
   (You found it on level 7 of the Dungeon)
Scrolls
 c - 2 scrolls of immolation
 j - 9 scrolls of teleportation
 l - 2 scrolls of blinking
 o - 4 scrolls of magic mapping
 q - 2 scrolls of fear
 w - a scroll of enchant armour
 y - 2 scrolls of amnesia
 F - 2 scrolls of identify
Potions
 b - a potion of experience
 f - 2 potions of mutation
 g - 2 potions of haste
 i - 7 potions of curing
 k - a potion of magic
 m - 3 potions of heal wounds {unknown}
 p - 2 potions of lignification
 v - 2 potions of ambrosia
 z - 3 potions of brilliance


   Skills:
 + Level 6.5 Fighting
 - Level 2.1 Dodging
 - Level 2.0 Stealth
 + Level 1.4 Shields
 * Level 11.9 Spellcasting
 - Level 6.0 Conjurations
 * Level 16.1 Air Magic


You had 24 spell levels left.
You knew the following spells:

 Your Spells              Type           Power        Failure   Level
a - Shock                 Conj/Air       100%         1%          1
b - Lightning Bolt        Conj/Air       31%          1%          5
c - Airstrike             Air            38%          1%          4

Your spell library contained the following spells:

 Spells                   Type           Power        Failure   Level
 Dazzling Flash           Conj/Hex       58%          1%          3
 Swiftness                Air            77%          0%          2
 Static Discharge         Conj/Air       63%          1%          3
 Tornado                  Air            38%          83%         9
 Haunt                    Necr/Summ      7%           100%        7
 Malign Gateway           Summ/Tloc      7%           100%        7
 Monstrous Menagerie      Summ           7%           100%        7
 Ignition                 Fire           7%           100%        8
 Summon Horrible Things   Summ           7%           100%        8
 Shatter                  Erth           7%           100%        9


Dungeon Overview and Level Annotations

Branches:
Dungeon (11/15)            Temple (0/1) D:6            Lair (0/6) D:8
    Orc (0/2) D:10

Altars:
Elyvilon
Fedhas
Gozag
Kikubaaqudgha
Makhleb
Okawaru
Sif Muna
Uskayaw
Vehumet
Xom
Yredelemnul
The Shining One

Shops:
D:4 [   D:5 (   D:8 :

Portals:
Trove: D:10 (give 14 scrolls of teleportation)

Annotations:
D:11 Fannar


Innate Abilities, Weirdness & Mutations

You have a beak for a mouth.
You have claws for feet.
You can fly continuously.


Message History

A troll is nearby!
Aim: a troll (asleep)
The air twists around and strikes the troll!
The troll shouts!
You can't see any susceptible monsters within range! (Use Z to cast anyway.)
You can't see any susceptible monsters within range! (Use Z to cast anyway.)
A troll is nearby!
Aim: a troll (moderately wounded)
The air twists around and strikes the troll!
Aim: a troll (severely wounded)
The air twists around and strikes the troll!
You kill the troll!
Vehumet accepts your kill.
You feel your power returning.
You reach down and open the door.
There is an open door here.
Fannar the Cold-Hearted comes into view.
They are wielding a staff of cold and wearing a +2 robe of cold resistance.
Fannar shouts!
Fannar moves out of view.
Aim: Fannar, wielding a staff of cold and wearing a +2 robe of cold resistance (covered in an icy film)
The air twists around and strikes Fannar!
Aim: Fannar, wielding a staff of cold and wearing a +2 robe of cold resistance (lightly wounded, covered in an icy film)
The air twists around and strikes Fannar!
Aim: Fannar, wielding a staff of cold and wearing a +2 robe of cold resistance (moderately wounded, covered in an icy film)
The air twists around and strikes Fannar.
Aim: Fannar, wielding a staff of cold and wearing a +2 robe of cold resistance (moderately wounded, covered in an icy film)
The air twists around and strikes Fannar.
Fannar hits you with a staff of cold. Fannar freezes you!
There is an open door here.
Fannar casts a spell.
A quokka comes into view.
You hit the quokka.
The quokka is poisoned.
Your kick misses the quokka.
The quokka bites you but does no damage.
Fannar mumbles some strange words.
Fannar drains the heat from the surrounding environment!
You feel very cold.
* * * LOW HITPOINT WARNING * * *
Fannar is frozen.
Fannar resists.
The quokka closely misses you.
You riposte.
You hit the quokka.
You kill the quokka!
Vehumet accepts your kill.
You feel your power returning. The ice beast hits you.
* * * LOW HITPOINT WARNING * * *
The ice beast freezes you!
* * * LOW HITPOINT WARNING * * *
Fannar says, "Freeze!"
Fannar casts a spell.
Fannar drains the heat from the surrounding environment!
You feel very cold.
You die...

#...#.#
..#....#..#......#
#...#.#
#....'..#......#
#...#.+
#e.#.#..#......#
#...#.#
#..#.#..#..###.#
#.. ..#
##+#Y...#..#......#
## ###
#.......#..'......#
#....#
#.......#..#......#
#....
#.##....#..#.####.#
#...#
#..@....#..#.####.#
#...#
###'#####..#......#
#...#
#.....#..#......#
#...#
#....##..'.###..#
#...#####
#....##..#......#
###...##..#
#........#......#
.<........#
######+#..#......#
..........#
#......#..#......#
###...###'##
#...#..#..#......#


You could see Fannar (icy armour) and an ice beast (summoned).

Vanquished Creatures
  A hydra (D:8)
  A centaur warrior (D:8)
  A two-headed ogre (D:9)
  Pikel (D:7)
  A gargoyle (D:8)
  2 guardian mummies (D:10)
  3 trolls
  Prince Ribbit (D:7)
  A slime creature (D:10)
  A shadow (D:8)
  2 wraiths
  Sigmund (D:3)
  3 yaks (D:10)
  An acid dragon (D:10)
  Menkaure (D:4)
  4 ice beasts
  5 orc warriors
  5 sky beasts
  2 black bears
  12 ogres
  A centaur (D:9)
  4 phantoms
  3 lemures
  5 kobold brigands (D:10)
  Blork the orc (D:6)
  11 bullfrogs
  3 gnoll sergeants
  5 scorpions
  4 killer bees (D:9)
  18 wights
  2 howler monkeys
  A centaur zombie (D:10)
  8 hounds
  3 jellies
  2 bullfrog zombies
  3 centaur skeletons
  An orc priest (D:10)
  3 iron imps (D:4)
  4 iguanas
  Crazy Yiuf (D:3)
  Jessica (D:3)
  3 bullfrog skeletons
  8 worker ants
  6 orc wizards
  A hound zombie (D:5)
  4 hound skeletons
  16 gnolls
  11 adders
  A howler monkey skeleton (D:8)
  A shadow imp (D:8)
  3 white imps
  An ufetubus (D:5)
  An adder skeleton (D:8)
  An adder zombie (D:8)
  7 worms
  8 leopard geckos
  38 orcs
  3 ball pythons
  7 giant cockroaches
  19 goblins
  17 hobgoblins
  5 jackals
  7 quokkas
  12 bats
  4 frilled lizards
  A jackal skeleton (D:6)
  26 kobolds
  A quokka skeleton (D:5)
  9 rats
354 creatures vanquished.

Vanquished Creatures (others)
  4 fungi (D:8)
  6 plants (D:8)
10 creatures vanquished.

Grand Total: 364 creatures vanquished

Notes
Turn   | Place    | Note
-------+----------+-------------------------------------------
     0 | D:1      | vurker the Tengu Air Elementalist began the quest for the
                  | Orb.
     0 | D:1      | Reached XP level 1. HP: 10/10 MP: 4/4
   322 | D:1      | Reached XP level 2. HP: 15/15 MP: 4/6
   699 | D:1      | Reached XP level 3. HP: 20/20 MP: 4/7
  1083 | D:2      | Reached skill level 1 in Fighting
  1133 | D:2      | Found a blossoming altar of Fedhas.
  1685 | D:2      | Reached XP level 4. HP: 25/25 MP: 5/9
  1863 | D:2      | Reached skill level 5 in Air Magic
  2228 | D:3      | Gained mutation: You can fly continuously. [Tengu growth]
  2228 | D:3      | Reached XP level 5. HP: 27/29 MP: 8/10
  2296 | D:3      | Learned a level 5 spell: Lightning Bolt
  2301 | D:3      | Learned a level 4 spell: Airstrike
  2306 | D:3      | Noticed Jessica
  2309 | D:3      | Killed Jessica
  2431 | D:3      | Noticed Sigmund
  3547 | D:3      | Killed Sigmund
  3548 | D:3      | Reached skill level 6 in Air Magic
  3548 | D:3      | Reached XP level 6. HP: 28/35 MP: 7/12
  4174 | D:3      | Reached XP level 7. HP: 32/40 MP: 5/14
  4578 | D:3      | Found a runed translucent door.
  4579 | D:3      | Noticed Crazy Yiuf
  4584 | D:3      | Killed Crazy Yiuf
  4794 | D:4      | Found Impyj's Antique Armour Boutique.
  5101 | D:4      | Noticed Menkaure
  5103 | D:4      | Killed Menkaure
  5104 | D:4      | Reached skill level 7 in Air Magic
  5327 | D:4      | Found an iron altar of Okawaru.
  5328 | D:4      | Found a radiant altar of Vehumet.
  5330 | D:4      | Found a basalt altar of Yredelemnul.
  5337 | D:4      | Became a worshipper of Vehumet
  5771 | D:4      | Found a burning altar of Makhleb.
  6449 | D:5      | Entered Level 5 of the Dungeon
  6449 | D:5      | Found Ofuyn's Antique Weapon Boutique.
  6459 | D:5      | Reached skill level 5 in Spellcasting
  6459 | D:5      | Reached XP level 8. HP: 46/46 MP: 0/16
  6608 | D:5      | Reached skill level 13 in Air Magic
  6608 | D:5      | Reached XP level 9. HP: 51/51 MP: 16/23
  6994 | D:5      | Found a shimmering altar of Xom.
  7079 | D:5      | Reached skill level 5 in Conjurations
  8414 | D:5      | Reached * piety under Vehumet
  8414 | D:5      | Offered knowledge of Magic Dart by Vehumet.
  8415 | D:5      | Identified the +4 falchion "Girali" {venom, rPois Str+3
                  | Dex+2}
  9287 | D:6      | Noticed Blork the orc
  9289 | D:6      | Killed Blork the orc
  9391 | D:6      | Found a staircase to the Ecumenical Temple.
  9647 | D:6      | Reached skill level 10 in Spellcasting
  9754 | D:6      | Found a shimmering blue altar of Sif Muna.
 10365 | D:6      | Reached XP level 10. HP: 56/56 MP: 12/25
 10511 | D:7      | Noticed Pikel
 10596 | D:7      | Killed Pikel
 10597 | D:7      | Reached skill level 14 in Air Magic
 10735 | D:7      | Offered knowledge of Foxfire by Vehumet.
 11089 | D:7      | Reached ** piety under Vehumet
 11250 | D:7      | Noticed Prince Ribbit
 11254 | D:7      | Killed Prince Ribbit
 11884 | D:8      | Found Rewiunug's Book Boutique.
 11897 | D:8      | Found an opulent altar of Gozag.
 12232 | D:8      | Found a staircase to the Lair.
 12704 | D:8      | Got a jewelled hand axe
 12705 | D:8      | Identified the +4 hand axe "Jeucigem" {distort, +Rage +Inv
                  | rElec Stlth+} (You found it on level 8 of the Dungeon)
 12724 | D:8      | Offered knowledge of Searing Ray by Vehumet.
 12848 | D:8      | Noticed a gargoyle
 12864 | D:8      | Killed a gargoyle
 13158 | D:8      | Noticed an eight-headed hydra
 13163 | D:8      | Killed an eight-headed hydra
 13164 | D:8      | Reached skill level 5 in Fighting
 13164 | D:8      | Reached XP level 11. HP: 63/63 MP: 8/26
 13271 | D:8      | Reached *** piety under Vehumet
 13356 | D:8      | Found the +5 sword of Power {vorpal}
 13363 | D:8      | Got a bone morningstar
 13426 | D:8      | Noticed a centaur warrior
 13430 | D:8      | Killed a centaur warrior
 13751 | D:8      | Reached skill level 15 in Air Magic
 13905 | D:8      | Found a white marble altar of Elyvilon.
 14858 | D:9      | Found a faded altar of an unknown god.
 14858 | D:9      | Found a glowing golden altar of the Shining One.
 14866 | D:9      | Found a faded altar of an unknown god.
 14868 | D:9      | Found an ancient bone altar of Kikubaaqudgha.
 14870 | D:9      | Found a hide-covered altar of Uskayaw.
 15097 | D:10     | Entered Level 10 of the Dungeon
 15109 | D:10     | Offered knowledge of Inner Flame by Vehumet.
 15484 | D:10     | Found a portal to a secret trove of treasure.
 16268 | D:10     | Reached **** piety under Vehumet
 16533 | D:10     | Offered knowledge of Dazzling Flash by Vehumet.
 16862 | D:10     | Found a staircase to the Orcish Mines.
 17898 | D:10     | Noticed a frost giant
 18320 | D:9      | Noticed a two-headed ogre
 18327 | D:9      | Killed a two-headed ogre
 18328 | D:9      | Reached skill level 1 in Shields
 18328 | D:9      | Reached skill level 16 in Air Magic
 18585 | D:10     | Reached XP level 12. HP: 71/71 MP: 11/28
 19566 | D:11     | Noticed Fannar
 19600 | D:11     | Killed from afar by Fannar

Illustrated notes

Levels and vault maps discovered:
D:1:      dpeg_arrival_tiny_a, layout_basic
D:2:      layout_basic, fedhas_altar_2
D:3:      layout_basic, uniq_sigmund, uniq_crazy_yiuf_cottage, uniq_jessica
D:4:      layout_basic, grunt_temple_overflow_open, demons_altar, serial_shops,
          shop, uniq_menkaure
D:5:      corexii_shantytown, layout_basic, kennysheep_mini, serial_shops, shop
D:6:      layout_basic, tgw_sif, minmay_temple_entry_mist,
          kennysheep_generic_room_12, uniq_blork_the_orc
D:7:      layout_basic, uniq_pikel, uniq_prince_ribbit1
D:8:      minmay_the_grid_octo_triangle [minmay_the_grid_octo_checkered,
          minmay_the_grid_octo_prize_star, minmay_the_grid_octo_toaster],
          layout_loops_cross, grunt_gozag_breadcrumbs, kennysheep_mini_moat,
          dpeg_oklobed_lair, serial_shops, shop, minmay_between
D:9:      layout_irregular_city, chequers_temple_overflow_minitemple
D:10:     layout_loops_corners, kennysheep_orc_monster_closet_entryway,
          nicolae_trove_entry_path_of_doom, nzn_random_ring
D:11:     layout_stronghold, uniq_harold, uniq_fannar, uniq_erolcha,
          uniq_psyche, uniq_grum

Skill      XL: |  1  2  3  4  5  6  7  8  9 10 11 |
---------------+----------------------------------+-----
Conjurations   | 2 3 4 5 6 |  6.0
Fighting       | 1 2 3 4 5 6 |  6.5
Air Magic      | 5 6 7 13 14 16 | 16.1
Spellcasting   | 3 4 5 9 10 11 | 11.9
Shields        | 1 |  1.4
Dodging        | |  2.1
Stealth        | |  2.0

Action                   |  1- 3 |  4- 6 |  7- 9 | 10-12 || total
-------------------------+-------+-------+-------+-------++-------
Melee: Short sword       |    14 |    30 |     8 |       ||    52
       Kick              |     2 |    10 |     1 |     5 ||    18
       Peck              |     1 |     4 |     2 |     4 ||    11
       Falchion          |       |       |       |     9 ||     9
 Cast: Shock             |    70 |   113 |    78 |    10 ||   271
       Airstrike         |       |     1 |   115 |   293 ||   409
       Lightning Bolt    |       |       |       |     5 ||     5
 Abil: Fly               |       |     1 |       |       ||     1
Evoke: Wand              |       |       |       |     4 ||     4
  Use: Potion            |       |     2 |     1 |       ||     3
       Scroll            |       |       |    15 |     8 ||    23
Armor: Robe              |     4 |     1 |     4 |    10 ||    19
Dodge: Dodged            |    16 |    28 |    13 |    35 ||    92
       Rpst.: Falchion   |       |       |     1 |     8 ||     9

Table legend: (Time is in decaauts)
 A = Elapsed time spent in this place.
 B = Non-inter-level travel time spent in this place.
 C = Inter-level travel time spent in this place.
 D = Time resting spent in this place.
 E = Time spent auto-exploring this place.
 F = Levels seen in this place.
 G = Mean time per level.
                   A        B        C        D        E       F      G
               +--------+--------+--------+--------+--------+-----+--------+
         Total |  18992 |  18631 |    361 |   2126 |  14666 |  11 | 1726.5 |
       Dungeon |  18992 |  18631 |    361 |   2126 |  14666 |  11 | 1726.5 |
               +--------+--------+--------+--------+--------+-----+--------+

Top non-repeatable levels by time:
    D:10: 3411 daAuts
     D:5: 2432 daAuts
     D:2: 2130 daAuts
     D:8: 1912 daAuts
     D:4: 1792 daAuts
     D:9: 1671 daAuts
     D:3: 1445 daAuts
     D:6: 1411 daAuts
     D:7: 1360 daAuts
     D:1: 1080 daAuts
    D:11: 342 daAuts
